AoeStats
← гной

Arabia

508944543Analyzed
1v1 RM · 9d ago on Sep 24, 2026· 47m 23s· 2 players
Game mode
Random Map
Map size
Tiny (2 player)
Population
200
Speed
Normal
Resources
Standard
Victory
Conquest
Starting age
Dark Age
Ending age
Imperial Age
RankedLock teamsTeams togetherTeam positionsShared explorationLock speedFull tech treeHidden civsTurbo modeCheats
Victory
Defeat
🇺🇸 Britons · United States
861
+15
🇷🇺 Franks · Russia
844
-15
гной
7:45 Loom
11:12 Feudal Age
13:43 Double-Bit Axe
17:36 Wheelbarrow
20:54 Castle Age
20:33 Stone Mining
22:50 Bow Saw
24:33 Gold Mining
25:12 Pikeman
26:38 Gold Shaft Mining
31:25 Forging
33:34 Husbandry
34:44 Elite Skirmisher
37:22 Scale Barding Armor
38:55 Fletching
44:39 Imperial Age
43:13 Padded Archer Armor
43:09 Bodkin Arrow
45:04 Cavalier
DoneDitDat
8:28 Loom
11:36 Feudal Age
13:59 Horse Collar
14:09 Double-Bit Axe
21:57 Castle Age
20:31 Gold Mining
22:22 Crossbowman
23:13 Fletching
23:24 Padded Archer Armor
23:30 Scale Barding Armor
23:36 Forging
26:35 Bodkin Arrow
32:18 Ballistics
35:20 Imperial Age
33:52 Husbandry
34:15 Leather Archer Armor
34:14 Treadmill Crane
35:30 Arbalester
36:15 Bracer
36:45 Ring Archer Armor
36:52 Iron Casting
36:50 Cavalier
37:53 Chain Barding Armor
39:21 Chemistry
38:30 Siege Engineers
38:01 Pikeman
38:29 Gambesons
39:55 Squires
42:40 Halberdier
47:37 Blast Furnace
47:12 Plate Barding Armor
46:39 Scale Mail Armor
Connection lost

Rejoining the realm…

Still unreachable

The connection could not be restored.

Session expired

The server has moved on; the page needs a fresh start.